 Dungeon Crawl Stone Soup version 0.19.4-8-ga85b6b9 (webtiles) character file.

7217 protoss039 the Archer (level 10, 0/90 HPs)
             Began as a Centaur Berserker on Feb 13, 2017.
             Was an Elder of Trog.
             Slain by a hog (4 damage)
             ... on level 9 of the Dungeon.
             The game lasted 00:24:34 (8565 turns).

protoss039 the Archer (Centaur Berserker)           Turns: 8565, Time: 00:24:34

Health: 0/90       AC: 11    Str: 23    XL:     10   Next: 87%
Magic:  10/10      EV:  8    Int: 12    God:    Trog [****..]
Gold:   619        SH:  3    Dex:  9    Spells: 0 memorised, 9 levels left

rFire  . . .     SeeInvis .     a - +1 hand axe
rCold  + . .     Gourm    .     H - +2 scale mail {rC+}
rNeg   . . .     Faith    .     (no shield)
rPois  .         Spirit   .     (no helmet)
rElec  .         Reflect  +     k - +0 cloak
rCorr  .         Harm     .     (no gloves)
MR     .....                    (no barding)
Stlth  ..........               s - +3 amulet of reflection
                                (no ring)
                                y - +6 ring of intelligence

@: exhausted, slowed
A: hooves 3, deformed body, speed 2, tough skin 3
a: Berserk, Trog's Hand, Brothers in Arms, Burn Spellbooks, Renounce Religion


You were on level 9 of the Dungeon.
You worshipped Trog.
Trog was greatly pleased with you.
You were very hungry.

You visited 1 branch of the dungeon, and saw 9 of its levels.

You collected 641 gold pieces.
You spent 22 gold pieces at shops.

Inventory:

Hand Weapons
 a - a +1 hand axe (weapon)
 B - a +1 shortbow of flaming
Missiles
 m - 171 arrows (quivered)
Armour
 k - a +0 cloak (worn)
 x - a +0 plate armour
 H - a +2 scale mail of cold resistance (worn)
Jewellery
 s - a +3 amulet of reflection (around neck)
 y - a +6 ring of intelligence (left hand)
 Q - an uncursed ring of magical power {unknown}
Wands
 b - a wand of hasting (6/9)
 p - a wand of disintegration (4/24)
 q - a wand of lightning (9/15)
 v - a wand of lightning (5/15)
Scrolls
 d - 4 scrolls of identify
 f - 5 scrolls of teleportation
 g - 4 scrolls of immolation
 i - a scroll of enchant weapon
 j - a scroll of fog {unknown}
 l - a scroll of magic mapping {unknown}
 w - 4 scrolls of remove curse
 A - 2 scrolls of fear {unknown}
 C - a scroll of noise {unknown}
 F - a scroll of recharging {unknown}
 I - a scroll of silence {unknown}
 P - a scroll of enchant armour {unknown}
 R - a scroll of blinking {unknown}
Potions
 e - a potion of flight {unknown}
 h - a potion of degeneration {unknown}
 o - 3 potions of haste
 r - a potion of might {unknown}
 u - 3 potions of brilliance {unknown}
 z - a potion of cure mutation {unknown}
 D - a potion of cancellation {unknown}
 G - a potion of resistance {unknown}
 J - a potion of invisibility {unknown}
 K - a potion of heal wounds {unknown}
Books
 E - a book of Minor Magic

   Spells                             Type                      Level
   a - Magic Dart                     Conjuration                  1
   b - Blink                          Translocation                2
   c - Call Imp                       Summoning                    2
   d - Repel Missiles                 Charms/Air                   2
   e - Slow                           Hexes                        2
   f - Conjure Flame                  Conjuration/Fire             3
   g - Mephitic Cloud                 Conjuration/Poison/Air       3
   Trog disapproves of the use of such an item.
 M - a book of Necromancy

   Spells                             Type                      Level
   a - Pain                           Necromancy                   1
   b - Animate Skeleton               Necromancy                   1
   c - Vampiric Draining              Necromancy                   3
   d - Regeneration                   Charms/Necromancy            3
   e - Animate Dead                   Necromancy                   4
   f - Control Undead                 Necromancy                   4
   Trog disapproves of the use of such an item.
Comestibles
 c - 5 bread rations
 n - 6 meat rations
 t - 10 fruits
 L - 2 royal jellies
 O - a beef jerky


   Skills:
 + Level 8.5 Fighting
 - Level 2.9 Axes
 + Level 14.3 Bows
 + Level 7.1 Armour
 - Level 1.3 Dodging
 + Level 0.1 Evocations


You had 9 spell levels left.
You didn't know any spells.

Dungeon Overview and Level Annotations

Branches:
Dungeon (9/15)             Temple (0/1) D:6
   Lair: D:8-11         Orc: D:9-12

Altars:
Gozag
Hepliaklqana
Nemelex Xobeh
Trog

Shops:
D:5 *   D:6 (


Innate Abilities, Weirdness & Mutations

You have hooves in place of feet.
Armour fits poorly on your strangely shaped body.
You cover ground very quickly.
You have extremely tough skin. (AC +3)


Message History

Unknown command.
You hit the hog. You kick the hog.
The hog is almost dead.
The hog bites you!
* * * LOW HITPOINT WARNING * * *
Unknown command.
Unknown command.
You feel a strong urge to attack something.
You feel your anger subside.
You are no longer berserk.
You are exhausted.
You feel yourself slow down.
You see here a runed leather armour.
You feel better. The hog closely misses you.
Unknown command.
Unknown command.
Unknown command.
The hog bites you!
* * * LOW HITPOINT WARNING * * *
The hog bites you.
You die...

#..'(((%%# #..#)...%#
#.####'### #.#
.....######## #[#
.....#......#
#.########....#.#
#.........)...#.######
#......######.#.....#.
#...#.h@..............##
.....###.###############...
...## ...# #### #.#. ..
#.##.# #≈≈≈≈ #.#. . .. ..#
≈≈≈≈≈ #... .. ###
≈≈≈≈≈######. # ≈≈≈≈≈....##.
≈≈≈≈≈.[..### ≈≈≈≈≈.....##


You could see a hog.

Vanquished Creatures
  Pikel (D:5)
  2 centaur zombies (D:8)
  2 hellwings (D:8)
  A two-headed ogre (D:6)
  A hippogriff (D:9)
  A yak (D:9)
  3 hogs (D:9)
  A human (D:9)
  Menkaure (D:6)
  A phantom (D:6)
  A slave (D:5)
  An orc warrior (D:9)
  A sky beast (D:7)
  2 eyes of draining (D:5)
  3 ogres
  6 centaurs
  6 bullfrogs
  4 scorpions
  3 killer bees (D:8)
  2 vampire bats (D:4)
  A howler monkey (D:5)
  3 electric eels (D:9)
  5 crimson imps
  5 orc priests
  2 bullfrog skeletons
  2 hounds
  2 jellies
  5 centaur skeletons
  7 worker ants
  An iguana (D:6)
  4 orc wizards
  A killer bee zombie (D:7)
  A howler monkey zombie (D:8)
  7 adders
  8 shadow imps
  2 oozes
  An adder zombie (D:6)
  4 dart slugs
  3 leopard geckos (D:4)
  21 orcs
  14 bats
  6 giant cockroaches
  10 hobgoblins
  4 jackals
  3 kobolds
  3 quokkas
  A ball python skeleton (D:4)
  4 frilled lizards
  11 goblins
  12 rats
196 creatures vanquished.

Vanquished Creatures (others)
  A sky beast (D:5)
  A gnoll (D:5)
  An orc (D:5)
3 creatures vanquished.

Grand Total: 199 creatures vanquished

Notes
Turn   | Place    | Note
-------+----------+-------------------------------------------
     0 | D:1      | protoss039 the Centaur Berserker began the quest for the Orb.
     0 | D:1      | Reached XP level 1. HP: 19/19 MP: 1/1
   148 | D:1      | Reached XP level 2. HP: 18/26 MP: 2/2
   447 | D:1      | Reached XP level 3. HP: 29/33 MP: 3/3
   721 | D:2      | Reached ** piety under Trog
  1269 | D:2      | Found a sparkling altar of Nemelex Xobeh.
  1362 | D:2      | Reached XP level 4. HP: 30/40 MP: 4/4
  2064 | D:3      | Reached XP level 5. HP: 44/47 MP: 5/5
  2103 | D:3      | Found a sparkling altar of Nemelex Xobeh.
  2537 | D:4      | Noticed an ogre
  2544 | D:4      | Killed an ogre
  2544 | D:4      | Reached XP level 6. HP: 26/53 MP: 6/6
  2703 | D:4      | Reached *** piety under Trog
  2859 | D:4      | Reached skill level 5 in Fighting
  3082 | D:4      | Reached XP level 7. HP: 45/61 MP: 7/7
  3557 | D:4      | Reached skill level 5 in Armour
  3815 | D:5      | Entered Level 5 of the Dungeon
  4015 | D:5      | Found Odegh's Assorted Antiques.
  4019 | D:5      | Bought a scroll labeled RUNERA BUDGHOF for 22 gold pieces
  4104 | D:5      | Noticed Pikel
  4205 | D:5      | Killed Pikel
  4205 | D:5      | Reached skill level 4 in Bows
  4205 | D:5      | Reached XP level 8. HP: 52/70 MP: 8/8
  4218 | D:5      | Reached skill level 5 in Bows
  4358 | D:5      | Found a bloodstained altar of Trog.
  4370 | D:5      | Reached skill level 6 in Bows
  4604 | D:6      | Reached skill level 7 in Bows
  4863 | D:6      | Found Kianown's Weapon Boutique.
  4875 | D:6      | Noticed Menkaure
  4893 | D:6      | Killed Menkaure
  4926 | D:6      | Reached skill level 8 in Bows
  5164 | D:6      | Found a staircase to the Ecumenical Temple.
  5178 | D:6      | Reached **** piety under Trog
  5204 | D:6      | Reached XP level 9. HP: 65/75 MP: 9/9
  5322 | D:6      | Reached skill level 9 in Bows
  5720 | D:6      | Found a hazy altar of Hepliaklqana.
  5725 | D:6      | Received a gift from Trog
  5737 | D:6      | Found an opulent altar of Gozag.
  6272 | D:7      | Reached skill level 10 in Bows
  6832 | D:7      | Received a gift from Trog
  7014 | D:7      | Reached skill level 11 in Bows
  7067 | D:8      | Noticed a hellwing
  7071 | D:8      | Noticed a hellwing
  7587 | D:8      | Reached skill level 12 in Bows
  7587 | D:8      | Reached XP level 10. HP: 86/86 MP: 10/10
  7807 | D:8      | Reached skill level 13 in Bows
  8216 | D:9      | Found an opulent altar of Gozag.
  8283 | D:9      | Reached skill level 14 in Bows
  8555 | D:9      | HP: 4/135 [hog (10)]
  8563 | D:9      | HP: 3/90 [hog (7)]
  8565 | D:9      | Slain by a hog

Skill      XL: |  1  2  3  4  5  6  7  8  9 10 |
---------------+-------------------------------+-----
Fighting       | 4 5 6 7 8 |  8.5
Armour         | 2 3 4 5 6 7 |  7.1
Bows           | 4 8 12 14 | 14.3
Axes           | |  2.9
Dodging        | |  1.3
Evocations     | |  0.1

Action                   |  1- 3 |  4- 6 |  7- 9 | 10-12 || total
-------------------------+-------+-------+-------+-------++-------
Melee: Hand axe          |   105 |   174 |    26 |     8 ||   313
       Kick              |    13 |    41 |     5 |     2 ||    61
       Shortbow          |       |       |     5 |       ||     5
 Fire: Shortbow          |       |       |   345 |   184 ||   529
Invok: Berserk           |       |     1 |     1 |     1 ||     3
       Trog's Hand       |       |       |     1 |       ||     1
Evoke: Wand              |       |       |     4 |       ||     4
  Use: Scroll            |     5 |       |     9 |     1 ||    15
       Potion            |       |       |     2 |     1 ||     3
  Eat: Chunk             |     1 |     5 |     5 |     2 ||    13
       Fruit             |       |       |     1 |     1 ||     2
       Bread ration      |       |       |     1 |       ||     1
       Royal jelly       |       |       |     1 |       ||     1
Armor: Ring mail         |    59 |    21 |       |       ||    80
       Plate armour      |       |   133 |    84 |       ||   217
       Scale mail        |       |       |    20 |    26 ||    46
Dodge: Dodged            |    49 |    42 |    30 |    27 ||   148
Block: Other             |       |       |    11 |    10 ||    21
